 Dungeon Crawl Stone Soup version 0.29.0-4-gdea44cf6ec (webtiles) character file.

Game seed: 1623738839256383881

61 qw the Caller (level 4, -27/36 HPs)
             Began as a Ghoul Summoner on Sept 10, 2022.
             Killed by an exploding butterfly (31 damage)
             ... ignited by their inner flame
             ... on level 2 of the Dungeon.
             The game lasted 00:01:12 (3455 turns).

qw the Caller (Ghoul Summoner)                      Turns: 3455, Time: 00:01:13

Health: -27/36     AC:  8    Str: 13    XL:     4   Next: 7%
Magic:  5/5        EV:  5    Int: 10    God:
Gold:   65         SH:  0    Dex:  9    Spells: 5/6 levels left

rFire   . . .      SeeInvis .   g - +0 whip (spect)
rCold   + . .      Faith    .   (no shield)
rNeg    + + +      Spirit   .   f - +0 chain mail
rPois   inf        Reflect  .   (no helmet)
rElec   .          Harm     .   (no cloak)
rCorr   .          Rampage  .   (no gloves)
Will    .....                   (no boots)
Stlth   ..........              (no amulet)
HPRegen 0.12/turn               (no ring)
MPRegen 0.09/turn               (no ring)

@: no status effects
A: claws 1, cold resistance 1, negative energy resistance 3, inhibited
regeneration, torment resistance 2, devour on kill
a: no special abilities


You were on level 2 of the Dungeon.
You visited 1 branch of the dungeon, and saw 2 of its levels.

You collected 65 gold pieces.


Innate Abilities, Weirdness & Mutations

You are immune to poison.
You have sharp fingernails.
Your flesh is cold resistant. (rC+)
You are immune to negative energy. (rN+++)
You do not regenerate when monsters are visible.
You are immune to unholy pain and torment.
You thrive by killing the living.


   Skills:
 - Level 2.0 Fighting
 + Level 2.6 Axes
 - Level 1.7 Dodging
 - Level 2.1 Stealth
 - Level 1.7 Spellcasting
 - Level 3.6 Summonings


You had 5 spell levels left.
You knew the following spells:

 Your Spells              Type           Power      Damage    Failure   Level
a - Summon Small Mammal   Summ           32%        N/A       95%         1

Your spell library contained the following spells:

 Spells                   Type           Power      Damage    Failure   Level
 Call Imp                 Summ           8%         N/A       99%         2
 Call Canine Familiar     Summ           8%         N/A       100%        3
 Summon Guardian Golem    Hex/Summ       4%         N/A       100%        3
 Summon Lightning Spire   Summ/Air       4%         N/A       100%        4

Inventory:

Hand Weapons
 g - a +0 spectral whip (weapon)
Missiles
 j - 6 boomerangs (quivered)
Armour
 f - a +0 chain mail (worn)
Potions
 e - a potion of flight {unknown}
 h - 2 potions of brilliance {unknown}

Dungeon Overview and Level Annotations

Branches:
Dungeon (2/15)

Altars:


Message History

3452 ||| READING scroll labelled TAOSKU JANA.
The air fills with toxic fumes!
As you read the scroll labelled TAOSKU JANA, it crumbles to dust.
It was a scroll of poison.
Done exploring.
3453 ||| READING scroll labelled YCOCWU MISODE.
As you read the scroll labelled YCOCWU MISODE, it crumbles to dust.
It is a scroll of brand weapon.
Your +0 whip acquires a faint afterimage.
Y - a +0 spectral whip (weapon)
Done exploring.
3454 ||| READING scroll labelled XEANWE LODD.
As you read the scroll labelled XEANWE LODD, it crumbles to dust.
You hear the tinkle of a tiny bell.
It was a scroll of butterflies.
Done exploring.
3455 ||| READING scroll labelled HYTSIR YTAZAE.
As you read the scroll labelled HYTSIR YTAZAE, it crumbles to dust.
The creatures around you are filled with an inner flame!
It was a scroll of immolation.
Your butterfly is engulfed in poison gas.
Your butterfly is poisoned.
Your butterfly disappears in a burst of colours!
Your butterfly explodes!
The fiery explosion engulfs your butterfly.
Your butterfly disappears in a burst of colours!
The fiery explosion engulfs your butterfly!!
Your butterfly disappears in a burst of colours!
The fiery explosion engulfs you!!
Ouch! That really hurt!
Your butterfly explodes!
The fiery explosion engulfs you!
Your butterfly explodes!
Your butterfly is poisoned.
Your butterfly is engulfed in poison gas.
Your butterfly is poisoned.
Your butterfly disappears in a burst of colours!
Your butterfly explodes!
The fiery explosion engulfs you!!
Ouch! That really hurt!
You die...

#.......## #....
######################
#¤................'
#¤#.........#######
#¤#.........'.# #
#¤#.........#.# #
#¤#####'#####.# #
#¤#####¤# #.#
#¤@¤b¤¤¤# #.#
######### #.#####
#...... ####### # # #
# #


There were no monsters in sight!

Vanquished Creatures
  A dart slug (D:2)
  2 bats (D:1)
  An endoplasm (D:1)
  4 goblins (D:1)
  5 hobgoblins
  A jackal (D:1)
  2 quokkas
  3 ball pythons
  A frilled lizard (D:1)
  3 kobolds
23 creatures vanquished.

Vanquished Creatures (collateral kills)
  An adder (D:2)
  A worm (D:2)
  A ball python (D:1)
  A bat (D:2)
  2 giant cockroaches (D:2)
  A hobgoblin (D:2)
  3 quokkas
  A goblin (D:1)
  6 kobolds
  4 rats (D:1)
21 creatures vanquished.

Grand Total: 44 creatures vanquished

Notes
Turn   | Place    | Note
-------+----------+-------------------------------------------
     0 | D:1      | qw the Ghoul Summoner began the quest for the Orb.
     0 | D:1      | Reached XP level 1. HP: 14/14 MP: 2/2
     0 | D:1      | 0 ||| qw: Version: 0.1-a-116-g5d60599
     0 | D:1      | 0 ||| qw: Game counter: 7571
     0 | D:1      | 0 ||| qw: Always use a shield: true
     0 | D:1      | 0 ||| qw: God list: Okawaru
     0 | D:1      | 0 ||| qw: Allow faded altars: false
     0 | D:1      | 0 ||| qw: Do Orc after D:15 true
     0 | D:1      | 0 ||| qw: Do second Lair branch before Depths: true
     0 | D:1      | 0 ||| qw: Lair rune preference: random
     0 | D:1      | 0 ||| qw: Plans: Normal
     0 | D:1      | 0 ||| PLANNING D:1-11
    11 | D:1      | 11 ||| Stepping ~*~*~tactically~*~*~ (stealth).
    12 | D:1      | 12 ||| CASTING Summon Small Mammal
    13 | D:1      | 13 ||| CASTING Summon Small Mammal
   216 | D:1      | 216 ||| Wielding weapon +0 club.
   238 | D:1      | 238 ||| CASTING Summon Small Mammal
   239 | D:1      | 239 ||| CASTING Summon Small Mammal
   250 | D:1      | 250 ||| CASTING Summon Small Mammal
   368 | D:1      | 368 ||| CASTING Summon Small Mammal
   369 | D:1      | 369 ||| CASTING Summon Small Mammal
   378 | D:1      | Reached skill level 1 in Axes
   380 | D:1      | 380 ||| CASTING Summon Small Mammal
   510 | D:1      | 510 ||| CASTING Summon Small Mammal
   511 | D:1      | 511 ||| CASTING Summon Small Mammal
   565 | D:1      | 565 ||| CASTING Summon Small Mammal
   566 | D:1      | 566 ||| CASTING Summon Small Mammal
   573 | D:1      | Reached XP level 2. HP: 22/22 MP: 0/3
   576 | D:1      | Reached skill level 1 in Fighting
   578 | D:1      | 578 ||| CASTING Summon Small Mammal
   636 | D:1      | 636 ||| CASTING Summon Small Mammal
   637 | D:1      | 637 ||| CASTING Summon Small Mammal
   638 | D:1      | 638 ||| CASTING Summon Small Mammal
   676 | D:1      | 676 ||| SWAPPING to +0 short sword.
   677 | D:1      | 677 ||| DROPPING +0 club.
   683 | D:1      | 683 ||| CASTING Summon Small Mammal
   684 | D:1      | 684 ||| CASTING Summon Small Mammal
   685 | D:1      | 685 ||| CASTING Summon Small Mammal
   695 | D:1      | 695 ||| CASTING Summon Small Mammal
   700 | D:1      | 700 ||| Stepping ~*~*~tactically~*~*~ (outnumbered).
   702 | D:1      | 702 ||| Stepping ~*~*~tactically~*~*~ (outnumbered).
   704 | D:1      | 704 ||| Stepping ~*~*~tactically~*~*~ (outnumbered).
   708 | D:1      | 708 ||| CASTING Summon Small Mammal
   719 | D:1      | 719 ||| CASTING Summon Small Mammal
   761 | D:1      | 761 ||| CASTING Summon Small Mammal
   762 | D:1      | 762 ||| CASTING Summon Small Mammal
   763 | D:1      | 763 ||| CASTING Summon Small Mammal
   774 | D:1      | 774 ||| CASTING Summon Small Mammal
   884 | D:1      | 884 ||| CASTING Summon Small Mammal
   885 | D:1      | 885 ||| CASTING Summon Small Mammal
   886 | D:1      | 886 ||| CASTING Summon Small Mammal
   896 | D:1      | 896 ||| CASTING Summon Small Mammal
  1121 | D:1      | 1121 ||| CASTING Summon Small Mammal
  1122 | D:1      | 1122 ||| CASTING Summon Small Mammal
  1123 | D:1      | 1123 ||| CASTING Summon Small Mammal
  1163 | D:1      | 1163 ||| CASTING Summon Small Mammal
  1164 | D:1      | 1164 ||| CASTING Summon Small Mammal
  1165 | D:1      | 1165 ||| CASTING Summon Small Mammal
  1221 | D:1      | 1221 ||| CASTING Summon Small Mammal
  1222 | D:1      | 1222 ||| CASTING Summon Small Mammal
  1223 | D:1      | 1223 ||| CASTING Summon Small Mammal
  1264 | D:1      | 1264 ||| CASTING Summon Small Mammal
  1265 | D:1      | 1265 ||| CASTING Summon Small Mammal
  1266 | D:1      | 1266 ||| CASTING Summon Small Mammal
  1276 | D:1      | 1276 ||| CASTING Summon Small Mammal
  1279 | D:1      | Reached XP level 3. HP: 25/28 MP: 0/4
  1286 | D:1      | 1286 ||| CASTING Summon Small Mammal
  1451 | D:1      | 1451 ||| CASTING Summon Small Mammal
  1452 | D:1      | 1452 ||| CASTING Summon Small Mammal
  1453 | D:1      | 1453 ||| CASTING Summon Small Mammal
  1454 | D:1      | 1454 ||| CASTING Summon Small Mammal
  1463 | D:1      | 1463 ||| CASTING Summon Small Mammal
  1473 | D:1      | 1473 ||| CASTING Summon Small Mammal
  1483 | D:1      | 1483 ||| CASTING Summon Small Mammal
  1562 | D:1      | 1562 ||| SWAPPING to +0 whip.
  1563 | D:1      | 1563 ||| DROPPING +0 short sword.
  1565 | D:1      | 1565 ||| CASTING Summon Small Mammal
  1566 | D:1      | 1566 ||| CASTING Summon Small Mammal
  1567 | D:1      | 1567 ||| CASTING Summon Small Mammal
  1568 | D:1      | 1568 ||| CASTING Summon Small Mammal
  1652 | D:1      | 1652 ||| READING scroll labelled KEUSKI ALIEH.
  1656 | D:1      | 1656 ||| READING scroll labelled FOOGGIESHU.
  1757 | D:1      | 1757 ||| READING scroll labelled ZOKONU FOAREOL.
  1758 | D:1      | 1758 ||| READING 2 scrolls labelled ZOISHR CILYRY.
  1759 | D:1      | 1759 ||| DROPPING potion of magic.
  1760 | D:1      | 1760 ||| DROPPING scroll of magic mapping.
  1772 | D:2      | 1772 ||| CASTING Summon Small Mammal
  1773 | D:2      | 1773 ||| CASTING Summon Small Mammal
  1774 | D:2      | 1774 ||| CASTING Summon Small Mammal
  1775 | D:2      | 1775 ||| CASTING Summon Small Mammal
  1783 | D:2      | 1783 ||| CASTING Summon Small Mammal
  1841 | D:2      | 1841 ||| Stepping ~*~*~tactically~*~*~ (stealth).
  1842 | D:2      | 1842 ||| CASTING Summon Small Mammal
  1843 | D:2      | 1843 ||| CASTING Summon Small Mammal
  1844 | D:2      | 1844 ||| CASTING Summon Small Mammal
  1845 | D:2      | 1845 ||| CASTING Summon Small Mammal
  1865 | D:2      | 1865 ||| CASTING Summon Small Mammal
  1866 | D:2      | 1866 ||| CASTING Summon Small Mammal
  1916 | D:2      | 1916 ||| CASTING Summon Small Mammal
  1917 | D:2      | 1917 ||| CASTING Summon Small Mammal
  1918 | D:2      | 1918 ||| CASTING Summon Small Mammal
  1919 | D:2      | 1919 ||| CASTING Summon Small Mammal
  1927 | D:2      | 1927 ||| CASTING Summon Small Mammal
  1979 | D:2      | 1979 ||| Stepping ~*~*~tactically~*~*~ (stealth).
  1981 | D:2      | 1981 ||| Stepping ~*~*~tactically~*~*~ (stealth).
  1983 | D:2      | 1983 ||| CASTING Summon Small Mammal
  1984 | D:2      | 1984 ||| CASTING Summon Small Mammal
  1985 | D:2      | 1985 ||| CASTING Summon Small Mammal
  1986 | D:2      | 1986 ||| CASTING Summon Small Mammal
  1994 | D:2      | 1994 ||| CASTING Summon Small Mammal
  2283 | D:2      | 2283 ||| CASTING Summon Small Mammal
  2284 | D:2      | 2284 ||| CASTING Summon Small Mammal
  2285 | D:2      | 2285 ||| CASTING Summon Small Mammal
  2286 | D:2      | 2286 ||| CASTING Summon Small Mammal
  2289 | D:2      | 2289 ||| Stepping ~*~*~tactically~*~*~ (stealth).
  2293 | D:2      | 2293 ||| CASTING Summon Small Mammal
  2405 | D:2      | 2405 ||| CASTING Summon Small Mammal
  2406 | D:2      | 2406 ||| CASTING Summon Small Mammal
  2407 | D:2      | 2407 ||| CASTING Summon Small Mammal
  2408 | D:2      | 2408 ||| CASTING Summon Small Mammal
  2416 | D:2      | 2416 ||| CASTING Summon Small Mammal
  2427 | D:2      | 2427 ||| CASTING Summon Small Mammal
  2656 | D:2      | 2656 ||| CASTING Summon Small Mammal
  2657 | D:2      | 2657 ||| CASTING Summon Small Mammal
  2658 | D:2      | 2658 ||| CASTING Summon Small Mammal
  2690 | D:2      | 2690 ||| CASTING Summon Small Mammal
  2692 | D:2      | 2692 ||| CASTING Summon Small Mammal
  2693 | D:2      | 2693 ||| CASTING Summon Small Mammal
  2694 | D:2      | 2694 ||| CASTING Summon Small Mammal
  2701 | D:2      | 2701 ||| CASTING Summon Small Mammal
  2704 | D:2      | Reached XP level 4. HP: 29/36 MP: 0/5
  2795 | D:2      | 2795 ||| CASTING Summon Small Mammal
  2796 | D:2      | 2796 ||| CASTING Summon Small Mammal
  2797 | D:2      | 2797 ||| CASTING Summon Small Mammal
  2798 | D:2      | 2798 ||| CASTING Summon Small Mammal
  2799 | D:2      | 2799 ||| CASTING Summon Small Mammal
  2861 | D:2      | 2861 ||| CASTING Summon Small Mammal
  2862 | D:2      | 2862 ||| CASTING Summon Small Mammal
  2863 | D:2      | 2863 ||| CASTING Summon Small Mammal
  2864 | D:2      | 2864 ||| CASTING Summon Small Mammal
  2865 | D:2      | 2865 ||| CASTING Summon Small Mammal
  2936 | D:2      | 2936 ||| CASTING Summon Small Mammal
  2937 | D:2      | 2937 ||| CASTING Summon Small Mammal
  2938 | D:2      | 2938 ||| CASTING Summon Small Mammal
  2939 | D:2      | 2939 ||| CASTING Summon Small Mammal
  2940 | D:2      | 2940 ||| CASTING Summon Small Mammal
  3079 | D:2      | 3079 ||| CASTING Summon Small Mammal
  3080 | D:2      | 3080 ||| CASTING Summon Small Mammal
  3081 | D:2      | 3081 ||| CASTING Summon Small Mammal
  3082 | D:2      | 3082 ||| CASTING Summon Small Mammal
  3083 | D:2      | 3083 ||| CASTING Summon Small Mammal
  3091 | D:2      | 3091 ||| CASTING Summon Small Mammal
  3182 | D:2      | 3182 ||| CASTING Summon Small Mammal
  3183 | D:2      | 3183 ||| CASTING Summon Small Mammal
  3184 | D:2      | 3184 ||| CASTING Summon Small Mammal
  3185 | D:2      | 3185 ||| CASTING Summon Small Mammal
  3186 | D:2      | 3186 ||| CASTING Summon Small Mammal
  3193 | D:2      | 3193 ||| CASTING Summon Small Mammal
  3440 | D:2      | 3440 ||| UPGRADING to +0 chain mail.
  3450 | D:2      | 3450 ||| DROPPING +0 robe.
  3451 | D:2      | 3451 ||| READING scroll labelled YNYM XOMETT.
  3452 | D:2      | 3452 ||| READING scroll labelled TAOSKU JANA.
  3453 | D:2      | 3453 ||| READING scroll labelled YCOCWU MISODE.
  3454 | D:2      | 3454 ||| READING scroll labelled XEANWE LODD.
  3455 | D:2      | 3455 ||| READING scroll labelled HYTSIR YTAZAE.
  3455 | D:2      | HP: 4/36 [spore (9)]
  3455 | D:2      | Killed by an exploding butterfly... ignited by their inner
                  | flame

Levels and vault maps discovered:
D:1:      heliophobic_arrival_ceremonial_halls, layout_rooms, st_stairs_3
D:2:      layout_basic

Skill      XL: |  1  2  3 |
---------------+----------+-----
Axes           | 1 2 |  2.6
Fighting       | 1 2 |  2.0
Dodging        | |  1.7
Stealth        | |  2.1
Spellcasting   | |  1.7
Summonings     | |  3.6

Action                   |  1- 3 |  4- 6 || total
-------------------------+-------+-------++-------
Melee: Club              |    18 |       ||    18
       Unarmed           |    11 |       ||    11
       Short sword       |    65 |       ||    65
       Punch             |     1 |       ||     1
       Whip              |    49 |    12 ||    61
Throw: Boomerang         |     3 |     1 ||     4
 Cast: Summon Small Mamm |    88 |    24 ||   112
  Use: Scroll            |     4 |     5 ||     9
Armor: Robe              |    35 |     6 ||    41
Dodge: Dodged            |   108 |    16 ||   124

Table legend:
 A = Non-vault XP
 B = Vault XP
 C = Vault XP percentage of total XP
 D = Non-vault monster count
 E = Vault monster count
 F = Vault count percentage of total count
                 A         B        C        D         E       F
            +---------+---------+-------+---------+---------+-------
      Total |      84 |       4 |   4.5 |      42 |       2 |   4.5
            +---------+---------+-------+---------+---------+-------
        D:1 |      36 |       4 |  10.0 |      24 |       2 |   7.7
        D:2 |      48 |       0 |   0.0 |      18 |       0 |   0.0
            +---------+---------+-------+---------+---------+-------
